 Dungeon Crawl Stone Soup version 0.29.0-4-gdea44cf6ec (webtiles) character file.

Game seed: 1748094684643751312

471 qw the Shield-Bearer (level 7, -3/43 HPs)
             Began as a Gargoyle Fighter on Sept 6, 2022.
             Was an Initiate of Okawaru.
             Slain by an orc priest
             ... wielding a +0 falchion
              (5 damage)
             ... on level 5 of the Dungeon.
             The game lasted 00:01:59 (5254 turns).

qw the Shield-Bearer (Gargoyle Fighter)             Turns: 5254, Time: 00:01:59

Health: -3/43      AC: 11    Str: 21    XL:     7   Next: 9%
Magic:  7/7        EV:  8    Int:  9    God:    Okawaru [......]
Gold:   322        SH:  8    Dex:  9    Spells: 6/6 levels left

rFire   . . .      SeeInvis .   Y - +0 war axe
rCold   . . .      Faith    .   o - +0 kite shield
rNeg    + . .      Spirit   .   b - +0 scale mail
rPois   inf        Reflect  .   (no helmet)
rElec   +          Harm     .   (no cloak)
rCorr   .          Rampage  .   (no gloves)
Will    .....                   (no boots)
Stlth   ..........              (no amulet)
HPRegen 0.14/turn               (no ring)
MPRegen 0.10/turn               (no ring)

@: about to teleport
A: sickness immunity, AC +4, negative energy resistance 1, electricity
resistance, torment resistance 1, petrification resistance
a: Renounce Religion


You were on level 5 of the Dungeon.
You worshipped Okawaru.
Okawaru was noncommittal.
You visited 2 branches of the dungeon, and saw 6 of its levels.

You collected 322 gold pieces.


Innate Abilities, Weirdness & Mutations

You are immune to sickness and miasma.
Your stone body is resilient. (AC +4)
You are immune to poison.
You resist negative energy. (rN+)
You are resistant to electric shocks. (rElec)
You are resistant to unholy torment.
You are immune to petrification.


   Skills:
 - Level 4.0 Fighting
 + Level 5.2 Axes
 - Level 3.2 Armour
 - Level 1.0 Dodging
 - Level 5.4 Shields


You had 6 spell levels left.
You didn't know any spells.
Your spell library was empty.

Inventory:

Hand Weapons
 j - a +0 morningstar
 Y - a +0 war axe (weapon)
Missiles
 c - 2 boomerangs (quivered)
Armour
 b - a +0 scale mail (worn)
 o - a +0 kite shield (worn)
Scrolls
 a - a scroll of teleportation
 k - a scroll of identify
Potions
 d - 2 potions of might
 e - a potion of curing
 f - a potion of ambrosia {unknown}
 g - a potion of berserk rage {unknown}
 h - a potion of cancellation {unknown}
 i - a potion of attraction {unknown}
 l - a potion of heal wounds {unknown}

Dungeon Overview and Level Annotations

Branches:
Dungeon (5/15)             Temple (1/1) D:4

Altars:
Ashenzari
Cheibriados
Elyvilon
Gozag
Hepliaklqana
Kikubaaqudgha
Okawaru
Qazlal
Ru
Trog
Vehumet
Wu Jian
Zin


Message History

You closely miss something.
You hear some strange, mumbled words.
A magic dart appears from out of thin air!
The magic dart hits you but does no damage.
You hear some strange, mumbled words.
Something tries to affect you, but you resist.
You hit something but do no damage. Something hits you but does no damage.
You closely miss something.
You hear some strange, mumbled words.
Something tries to affect you, but you resist.
You barely miss something. Something hits you but does no damage.
The orc wizard mumbles some strange words.
The orc wizard flickers and vanishes!
Something hits you but does no damage.
The orc priest calls down the wrath of Beogh upon you.
Something writhes in agony.
You miss something. Something hits you but does no damage.
You slash something! Okawaru accepts your kill.
Reactivating autopickup.
You feel a bit more experienced. You block the orc priest's attack.
Your Dodging skill increases to level 1!
You closely miss the orc priest. The orc priest closely misses you.
You closely miss the orc priest.
The orc priest mumbles some strange prayers to Beogh against you.
Beogh smites you!
5252 ||| READING 2 scrolls of teleportation.
As you read the scroll of teleportation, it crumbles to dust.
You feel strangely unstable.
The orc priest hits you but does no damage.
You closely miss the orc priest. You block the orc priest's attack.
The orc priest hits you but does no damage.
You barely miss the orc priest.
The orc priest hits you with a +0 falchion.
You die...

#.......#.#
.o...o
#....####.#
#'#....#
#.........#
#.o....# #
#...#######
#......#.#
##.##
.....#. #.#
.... #)#
#)########.#
#.)o@......#
############


You could see an orc priest.

Vanquished Creatures
  An ogre (D:4)
  A scorpion (D:4)
  A jelly (D:4)
  An orc priest (D:4)
  Natasha (D:3)
  3 orc wizards
  7 adders
  A river rat (D:4)
  4 worms
  A dart slug (D:2)
  9 orcs
  11 ball pythons
  5 bats
  6 endoplasms
  4 giant cockroaches
  5 goblins
  8 hobgoblins
  9 jackals
  3 quokkas
  7 frilled lizards
  6 kobolds
  3 rats
97 creatures vanquished.

Notes
Turn   | Place    | Note
-------+----------+-------------------------------------------
     0 | D:1      | qw the Gargoyle Fighter began the quest for the Orb.
     0 | D:1      | Reached XP level 1. HP: 14/14 MP: 1/1
     0 | D:1      | 0 ||| qw: Version: 0.1-a-107-g9ff403c
     0 | D:1      | 0 ||| qw: Game counter: 6078
     0 | D:1      | 0 ||| qw: Always use a shield: true
     0 | D:1      | 0 ||| qw: God list: Okawaru
     0 | D:1      | 0 ||| qw: Allow faded altars: false
     0 | D:1      | 0 ||| qw: Do Orc after D:15 true
     0 | D:1      | 0 ||| qw: Do second Lair branch before Depths: true
     0 | D:1      | 0 ||| qw: Lair rune preference: random
     0 | D:1      | 0 ||| qw: Plans: Normal, Zot, God:TSO, Crypt, Tomb, Zig,
                  | Orb
     0 | D:1      | 0 ||| PLANNING D:1-11
   283 | D:1      | Reached XP level 2. HP: 18/19 MP: 2/2
   421 | D:1      | You fall into a shaft and drop 1 floor!
   501 | D:2      | Reached skill level 3 in Axes
   517 | D:2      | Reached XP level 3. HP: 8/23 MP: 3/3
   835 | D:2      | 835 ||| READING 3 scrolls labelled SUTACY QALLID.
  1060 | D:2      | 1060 ||| READING scroll labelled FUULES REOPIU.
  1212 | D:1      | Reached XP level 4. HP: 28/28 MP: 4/4
  1939 | D:1      | 1939 ||| READING scroll labelled IHEZOV SOYD.
  1940 | D:1      | 1940 ||| DRINKING 2 viscous yellow potions.
  1941 | D:1      | 1941 ||| DROPPING potion of brilliance.
  3187 | D:3      | Noticed Natasha
  3192 | D:3      | Killed Natasha
  3193 | D:3      | Reached XP level 5. HP: 32/32 MP: 5/5
  3535 | D:3      | 3535 ||| READING scroll labelled DINICU ROENEPN.
  3536 | D:3      | 3536 ||| READING scroll labelled MIDOKHECHYALA.
  3537 | D:3      | 3537 ||| DRINKING 5 smoky black potions.
  3553 | D:4      | 3553 ||| PLANNING SEWER
  3769 | D:4      | Found a staircase to the Ecumenical Temple.
  3770 | D:4      | 3770 ||| PLANNING TEMPLE
  3770 | D:4      | 3770 ||| UPGRADING to +0 kite shield.
  3780 | D:4      | 3780 ||| DROPPING +0 buckler.
  3781 | D:4      | 3781 ||| READING scroll labelled ZYSECLA DEGITZ.
  3782 | D:4      | 3782 ||| READING scroll labelled JIBLIXEYBO.
  3783 | D:4      | 3783 ||| READING scroll labelled ETAECLEL XYFIE.
  3810 | D:4      | Noticed an ogre
  3821 | D:4      | HP: 6/32 [ogre/+0 giant club (7)]
  3822 | D:4      | 3822 ||| READING 3 scrolls of teleportation.
  4208 | D:4      | 4208 ||| Stepping ~*~*~tactically~*~*~ (stealth).
  4212 | D:4      | Killed an ogre
  4213 | D:4      | Reached XP level 6. HP: 28/37 MP: 6/6
  4275 | D:4      | 4275 ||| Stepping ~*~*~tactically~*~*~ (stealth).
  4277 | D:4      | 4277 ||| Stepping ~*~*~tactically~*~*~ (stealth).
  4278 | D:4      | 4278 ||| Stepping ~*~*~tactically~*~*~ (stealth).
  4282 | D:4      | 4282 ||| RIP SEWER
  4294 | D:4      | 4294 ||| DRINKING 4 potions of curing.
  4294 | D:4      | 4294 ||| (to cure confusion)
  4298 | D:4      | 4298 ||| Stepping ~*~*~tactically~*~*~ (stealth).
  4440 | Temple   | Entered the Ecumenical Temple
  4463 | Temple   | Became a worshipper of Warmaster Okawaru
  4475 | Temple   | 4475 ||| PLANNING D:1-11
  4487 | D:4      | 4487 ||| DROPPING +0 mace.
  4640 | D:4      | Reached XP level 7. HP: 42/42 MP: 7/7
  4931 | D:4      | 4931 ||| DROPPING +6 ring of intelligence.
  4932 | D:4      | 4932 ||| READING scroll labelled ASYGUZX MOYL.
  4933 | D:4      | 4933 ||| READING scroll labelled TYTODO BASIUSS.
  5026 | D:5      | Entered Level 5 of the Dungeon
  5198 | D:5      | 5198 ||| Stepping ~*~*~tactically~*~*~ (stealth).
  5210 | D:5      | 5210 ||| Stepping ~*~*~tactically~*~*~ (stealth).
  5211 | D:5      | 5211 ||| Stepping ~*~*~tactically~*~*~ (stealth).
  5221 | D:5      | 5221 ||| Stepping ~*~*~tactically~*~*~ (hiding).
  5229 | D:5      | 5229 ||| DRINKING 3 potions of curing.
  5229 | D:5      | 5229 ||| (to cure confusion)
  5234 | D:5      | 5234 ||| DRINKING 2 potions of curing.
  5234 | D:5      | 5234 ||| (to cure confusion)
  5250 | D:5      | Reached skill level 1 in Dodging
  5251 | D:5      | HP: 1/43 [orc priest/divine providence (12)]
  5252 | D:5      | 5252 ||| READING 2 scrolls of teleportation.
  5254 | D:5      | Slain by an orc priest

Levels and vault maps discovered:
D:1:      dpeg_arrival_court, layout_basic
D:2:      layout_basic, hex_intersection
D:3:      layout_loops_corners, uniq_natasha
D:4:      layout_basic, minmay_temple_entry_wispy,
          cheibrodos_sewer_entry_sluice, moated_statue
D:5:      layout_basic, abandoned_shop
Temple:   nicolae_temple_ecumenical_triangle

Skill      XL: |  1  2  3  4  5  6  7 |
---------------+----------------------+-----
Axes           | 2 3 4 5 |  5.2
Shields        | 4 5 |  5.4
Fighting       | 4 |  4.0
Dodging        | 1 |  1.0
Armour         | |  3.2

Action                   |  1- 3 |  4- 6 |  7- 9 || total
-------------------------+-------+-------+-------++-------
Melee: War axe           |   134 |   215 |    59 ||   408
Throw: Boomerang         |       |    15 |     8 ||    23
  Use: Scroll            |     2 |     7 |     3 ||    12
       Potion            |       |     3 |     2 ||     5
Armor: Scale mail        |    95 |    92 |    34 ||   221
Dodge: Dodged            |    72 |    83 |     5 ||   160
Block: Buckler           |    41 |    10 |       ||    51
       Kite shield       |       |    44 |    15 ||    59

Table legend:
 A = Non-vault XP
 B = Vault XP
 C = Vault XP percentage of total XP
 D = Non-vault monster count
 E = Vault monster count
 F = Vault count percentage of total count
                 A         B        C        D         E       F
            +---------+---------+-------+---------+---------+-------
      Total |     615 |      59 |   8.8 |      92 |       5 |   5.2
            +---------+---------+-------+---------+---------+-------
        D:1 |      46 |       0 |   0.0 |      27 |       0 |   0.0
        D:2 |      91 |       0 |   0.0 |      24 |       0 |   0.0
        D:3 |      48 |      35 |  42.2 |      15 |       1 |   6.2
        D:4 |     375 |      24 |   6.0 |      18 |       4 |  18.2
        D:5 |      55 |       0 |   0.0 |       8 |       0 |   0.0
            +---------+---------+-------+---------+---------+-------
